 Dungeon Crawl Stone Soup version 0.29-a0-925-g0a7a3d12f8 (webtiles) character file.

Game seed: 4041152314157709952

59 IdlyInterested the Chopper (level 3, -1/27 HPs)
             Began as a Demonspawn Gladiator on July 28, 2022.
             Slain by Pargi (6 damage)
             ... in a sewer.
             The game lasted 00:07:09 (2069 turns).

IdlyInterested the Chopper (Demonspawn Gladiator)   Turns: 2069, Time: 00:07:10

Health: -1/27      AC:  8    Str: 14    XL:     3   Next: 78%
Magic:  3/3        EV: 10    Int:  9    God:
Gold:   61         SH:  4    Dex: 16    Spells: 2/2 levels left

rFire   + . .      SeeInvis .   a - +0 war axe
rCold   . . .      Faith    .   (no shield)
rNeg    . . .      Spirit   .   j - +0 scale mail
rPois   .          Reflect  .   i - +2 hat
rElec   .          Harm     .   (no cloak)
rCorr   .          Rampage  .   (no gloves)
Will    .....                   (no boots)
Stlth   ..........              (no amulet)
HPRegen 0.09/turn               f - ring of protection from fire
MPRegen 0.08/turn               (no ring)

@: no status effects
A: condensation shield, antennae 1, screaming 1
a: no special abilities


You were in a sewer.
You visited 1 branch of the dungeon, and saw 3 of its levels.
You also visited: Sewer.

You collected 61 gold pieces.

Inventory:

Hand Weapons
 a - a +0 war axe (weapon)
 g - a +0 mace
 h - a +0 spear
Missiles
 d - 2 throwing nets (quivered)
 e - a javelin
 k - 2 atropa-tipped darts
Armour
 c - a +0 helmet
 i - a +2 hat (worn)
 j - a +0 scale mail (worn)
 l - the +0 leather armour of the Dungeon {Harm Regen+}
   (You found it on level 2 of the Dungeon)

   Regen:     It increases your rate of health regeneration.
   Harm:      It increases damage dealt and taken.
 o - a scarf of invisibility
Magical Staves
 n - a staff of poison
Jewellery
 f - a ring of protection from fire (left hand)
Scrolls
 b - a scroll of enchant armour
 q - a scroll of butterflies {unknown}
 r - a scroll of teleportation {unknown}
Miscellaneous
 p - a piece from Xom's chessboard (15/15)


   Skills:
 - Level 2.0 Fighting
 * Level 3.9 Axes
 - Level 1.7 Throwing
 + Level 1.6 Armour
 - Level 2.6 Dodging


You had 2 spell levels left.
You didn't know any spells.
Your spell library was empty.

Dungeon Overview and Level Annotations

Branches:
Dungeon (3/15)              Sewer (1/1)

Altars:
Xom

Annotations:
Sewer Pargi


Innate Abilities, Weirdness & Mutations

A meltable shield of frost defends you. (SH +4)
You have a pair of small antennae on your head.
You occasionally shout uncontrollably at your foes.


Message History

Pargi claws you. x2
You slash Pargi!
Pargi is moderately wounded.
Pargi barely misses you. You block Pargi's attack. Pargi closely misses you.
You closely miss Pargi.
Pargi is moderately wounded.
Pargi bites you but does no damage. You block Pargi's attack. Pargi misses you.
You barely miss Pargi. Your punch misses Pargi.
Pargi is lightly wounded.
You block Pargi's attack. Pargi claws you but does no damage. x2
It was a potion of mutation.
You feel extremely strange.
You feel the urge to shout. A pair of antennae grows on your head!
Pargi barely misses you. Pargi closely misses you.
Pargi claws you but does no damage.
You completely miss Pargi.
Pargi is lightly wounded.
Pargi bites you. Pargi closely misses you. Pargi claws you but does no damage.
Pargi closely misses you. Pargi claws you but does no damage.
You block Pargi's attack.
You hit Pargi.
Pargi is lightly wounded.
You block Pargi's attack. Pargi claws you. Pargi closely misses you.
You barely miss Pargi.
Pargi is lightly wounded.
Pargi bites you.
* * * LOW HITPOINT WARNING * * *
Pargi claws you but does no damage. x2
You slash Pargi!
Pargi is moderately wounded.
You block Pargi's attack. Pargi misses you. Pargi claws you.
* * * LOW HITPOINT WARNING * * *
Pargi bites you but does no damage. Pargi claws you but does no damage.
Pargi claws you.
* * * LOW HITPOINT WARNING * * *
Throw: 3 throwing nets
Press: ? - help, Shift-Dir - straight line, f - Pargi
Aim: Pargi (moderately wounded, 53% to hit)
You throw a throwing net. The throwing net closely misses Pargi.
Pargi bites you.
You die...

#≈.###..##
#... #≈..#
#..# ##..#
#.≈ #..#
#. #≈.#
##..#
#≈..#
##≈.##
#@..#
#.≈.T.##
#....≈#
##≈≈≈##
#≈.(#
.#≈#. !(#.
[ ##### #


You could see Pargi.

Vanquished Creatures
  An adder (D:3)
  A worm (D:3)
  4 dart slugs
  8 bats
  5 endoplasms
  2 giant cockroaches
  2 hobgoblins
  4 jackals (Sewer)
  3 ball pythons
  2 frilled lizards
  2 goblins
  A kobold (D:1)
  5 rats
40 creatures vanquished.

Notes
Turn   | Place    | Note
-------+----------+-------------------------------------------
     0 | D:1      | IdlyInterested the Demonspawn Gladiator began the quest for
                  | the Orb.
     0 | D:1      | Reached XP level 1. HP: 16/16 MP: 1/1
   192 | D:1      | Reached skill level 3 in Axes
   246 | D:1      | Gained mutation: A meltable shield of frost defends you.
                  | (SH +4) [demonic ancestry]
   246 | D:1      | Reached XP level 2. HP: 22/22 MP: 2/2
   946 | D:2      | Reached skill level 1 in Armour
  1091 | D:2      | Identified the +0 leather armour of the Dungeon {Harm
                  | Regen+}
  1353 | D:2      | Reached XP level 3. HP: 27/27 MP: 3/3
  1718 | D:3      | Found a shimmering altar of Xom.
  1743 | D:3      | Found a glowing drain.
  1765 | Sewer    | Entered a sewer
  2054 | Sewer    | Noticed Pargi
  2064 | Sewer    | Gained mutation: You occasionally shout uncontrollably at
                  | your foes. [potion of mutation]
  2064 | Sewer    | Gained mutation: You have a pair of small antennae on your
                  | head. [potion of mutation]
  2069 | Sewer    | Slain by Pargi

Illustrated notes

Levels and vault maps discovered:
D:1:      tarquinn_simple_flora_water_e, layout_loops_ring
D:2:      layout_basic, reono_crystal_passage
D:3:      layout_rooms, xom_butterflies, nicolae_uskayaw_en_pointe,
          cheibrodos_sewer_entry_drain, chequers_ecumenical_altar_island,
          kennysheep_nub, corexii_item_surrounded_by_moat,
          minmay_misc_feat_doors, dreamdust_wishing_well,
          minmay_fractal_squares_gapless_5
Sewer:    sewer_the_moccasin

Skill      XL: |  1  2 |
---------------+-------+-----
Axes           | 3 |  3.9
Armour         | 1 |  1.6
Fighting       | |  2.0
Throwing       | |  1.7
Dodging        | |  2.6

Action                   || total
-------------------------++-------
Melee: War axe           ||    97
Throw: Throwing net      ||     1
  Use: Scroll            ||     3
       Potion            ||     1
Armor: Leather armour    ||     9
       Scale mail        ||    62
Dodge: Dodged            ||    81
Block: Other             ||    23

Table legend: (Time is in decaauts)
 A = Elapsed time spent in this place.
 B = Non-inter-level travel time spent in this place.
 C = Inter-level travel time spent in this place.
 D = Time resting spent in this place.
 E = Time spent auto-exploring this place.
 F = Levels seen in this place.
 G = Mean time per level.
                   A        B        C        D        E       F      G
               +--------+--------+--------+--------+--------+-----+--------+
         Total |   2106 |   1952 |    154 |    609 |    896 |   4 |  526.5 |
       Dungeon |   1794 |   1640 |    154 |    374 |    863 |   3 |  598.0 |
         Sewer |    311 |    311 |      0 |    235 |     33 |   1 |  311.0 |
               +--------+--------+--------+--------+--------+-----+--------+

Top non-repeatable levels by time:
     D:1: 1035 daAuts
     D:2: 690 daAuts
   Sewer: 311 daAuts
     D:3: 68 daAuts
